 Dungeon Crawl Stone Soup version 0.29.1-12-g30fa7ad0bf (webtiles) character file.

Game seed: 3468988995217537222

149 LustLizard the Shooter (level 5, -2/25 HPs)
             Began as a Spriggan Hunter on Dec 28, 2022.
             Slain by a gnoll
             ... wielding a +0 whip
              (10 damage)
             ... on level 3 of the Dungeon.
             The game lasted 00:03:14 (1446 turns).

LustLizard the Shooter (Spriggan Hunter)            Turns: 1446, Time: 00:03:15

Health: -2/25      AC:  3    Str:  7    XL:     5   Next: 9%
Magic:  8/8        EV: 17    Int: 12    God:
Gold:   74         SH:  0    Dex: 19    Spells: 5/7 levels left

rFire   . . .      SeeInvis +   a - +0 shortbow
rCold   . . .      Faith    .   (shield currently unavailable)
rNeg    . . .      Spirit   .   c - +0 robe
rPois   .          Reflect  .   (helmet restricted)
rElec   .          Harm     .   j - +0 cloak
rCorr   .          Rampage  .   (gloves unavailable)
Will    .....                   (boots unavailable)
Stlth   +++.......              (no amulet)
HPRegen 0.08/turn               (no ring)
MPRegen 0.11/turn               (no ring)

@: very quick
A: very small, no large weapons, unfitting armour, see invisible, speed 3
a: no special abilities


You were on level 3 of the Dungeon.
You visited 1 branch of the dungeon, and saw 3 of its levels.

You collected 74 gold pieces.

Inventory:

Hand Weapons
 a - a +0 shortbow (weapon)
Armour
 c - a +0 robe (worn)
 j - a +0 cloak (worn)
Scrolls
 b - a scroll of immolation
 e - 2 scrolls of identify {unknown}
 f - 3 scrolls of poison {unknown}
 h - a scroll of magic mapping {unknown}
Potions
 d - a potion of degeneration {unknown}
 g - a potion of attraction {unknown}
 i - a potion of heal wounds
 k - a potion of haste {unknown}


   Skills:
 - Level 1.5 Fighting
 * Level 5.3 Ranged Weapons
 - Level 2.6 Dodging
 + Level 4.0 Stealth
 - Level 1.9 Spellcasting
 + Level 2.1 Translocations


You had 5 spell levels left.
You knew the following spells:

 Your Spells              Type           Power      Damage    Failure   Level
a - Blink                 Tloc           12%        N/A       17%         2

Your spell library contained the following spells:

 Spells                   Type           Power      Damage    Failure   Level
 Sublimation of Blood     Necr           1%         N/A       38%         2
 Petrify                  Tmut/Erth      1%         N/A       95%         4
 Manifold Assault         Tloc           6%         N/A       97%         5
 Irradiate                Conj/Tmut      0%         3d11      100%        5
 Storm Form               Tmut/Air       0%         N/A       100%        7


Dungeon Overview and Level Annotations

Branches:
Dungeon (3/15)

Altars:


Innate Abilities, Weirdness & Mutations

You are very small and have problems with some larger weapons.
You are too small for most types of armour.
You have supernaturally acute eyesight. (SInv)
You cover ground extremely quickly. (Speed+++)


Message History

You kill the endoplasm!
The gnoll misses you. The gnoll hits you with a +0 flail.
You shoot an arrow. The arrow hits the gnoll.
The gnoll is lightly wounded.
The gnoll closely misses you.
You shoot an arrow. The arrow hits the gnoll.
The gnoll is heavily wounded.
The gnoll misses you.
You shoot an arrow. The arrow hits the gnoll.
The gnoll is severely wounded.
The gnoll hits you with a +0 flail.
You shoot an arrow.
The arrow hits the gnoll but does no damage.
The gnoll is severely wounded.
The gnoll misses you. The gnoll closely misses you.
You shoot an arrow. The arrow hits the gnoll!
You kill the gnoll!
You shoot an arrow. The arrow hits the gnoll.
The gnoll is lightly wounded.
The gnoll hits you with a +0 whip.
You are too injured to fight recklessly!
You are too injured to fight recklessly!
Fire: a) +0 shortbow
Press: ? - help, Q - select action, (/) - cycle Shift-Dir - straight line, f/p - gnoll
Aim: a gnoll, wielding a +0 whip (lightly wounded, 66% to hit)
You shoot an arrow. The arrow hits the gnoll!
The gnoll is severely wounded.
The gnoll closely misses you.
Fire: a) +0 shortbow
Press: ? - help, Q - select action, (/) - cycle Shift-Dir - straight line, f/p - gnoll
Aim: a gnoll, wielding a +0 whip (severely wounded, 66% to hit)
You shoot an arrow. The arrow hits the gnoll.
The gnoll is almost dead.
The gnoll hits you with a +0 whip.
Fire: a) +0 shortbow
Press: ? - help, Q - select action, (/) - cycle Shift-Dir - straight line, f/p - gnoll
Aim: a gnoll, wielding a +0 whip (almost dead, 66% to hit)
You shoot an arrow. The arrow barely misses the gnoll.
The gnoll hits you with a +0 whip. The gnoll hits you with a +0 whip!
You die...

######## #.......
##########.......
..##########.......##.......
...........#.......##.......
#.##..............##.......
#........##.......##.......
#......g@.......#........
..####.....##....<..#........
..........##.......<.......#
###...............##......#
>#####.......#........÷.###..)
.....$†...........).)...# #(..
#.##...#..)...........).# #...
#..).#...........)....# #..#
#....#.#....)...........# #..#


You could see a gnoll.

Vanquished Creatures
  An orc priest (D:3)
  Crazy Yiuf (D:2)
  4 gnolls
  2 dart slugs (D:1)
  6 orcs (D:3)
  5 ball pythons
  5 endoplasms
  A giant cockroach (D:1)
  2 goblins
  3 hobgoblins
  3 jackals (D:3)
  A quokka (D:1)
  3 bats
  A frilled lizard (D:3)
  3 kobolds (D:1)
  5 rats
46 creatures vanquished.

Notes
Turn   | Place    | Note
-------+----------+-------------------------------------------
     0 | D:1      | LustLizard the Spriggan Hunter began the quest for the Orb.
     0 | D:1      | Reached XP level 1. HP: 10/10 MP: 2/2
    85 | D:1      | Reached XP level 2. HP: 14/14 MP: 3/3
   225 | D:1      | Found a faded altar of an unknown god.
   253 | D:1      | Reached XP level 3. HP: 15/18 MP: 4/4
   306 | D:1      | Learned a level 2 spell: Blink
   496 | D:2      | Found a runed translucent door.
   497 | D:2      | Noticed Crazy Yiuf
  1043 | D:2      | Killed Crazy Yiuf
  1044 | D:2      | Reached skill level 1 in Spellcasting
  1044 | D:2      | Reached skill level 1 in Translocations
  1044 | D:2      | Reached XP level 4. HP: 22/22 MP: 4/6
  1124 | D:3      | Reached skill level 5 in Ranged Weapons
  1437 | D:3      | Reached XP level 5. HP: 18/25 MP: 8/8
  1446 | D:3      | Slain by a gnoll

Illustrated notes

Levels and vault maps discovered:
D:1:      lightli_arrival_maybe_door_vault, layout_rooms,
          hellmonk_ecumenical_altar_run_dry
D:2:      layout_loops_ring, uniq_crazy_yiuf_cottage
D:3:      layout_rooms, mainiacjoe_overflow_chevrons,
          nicolae_overflow_ecumenical_swirl, minmay_cupped

Skill      XL: |  1  2  3  4 |
---------------+-------------+-----
Stealth        | 2 3 4 |  4.0
Spellcasting   | 1 |  1.9
Translocations | 1 2 |  2.1
Ranged Weapons | 5 |  5.3
Fighting       | |  1.5
Dodging        | |  2.6

Action                   |  1- 3 |  4- 6 || total
-------------------------+-------+-------++-------
 Fire: Shortbow          |    73 |    71 ||   144
Armor: Robe              |       |     6 ||     6
Dodge: Dodged            |     4 |    33 ||    37
